 Dungeon Crawl Stone Soup version 0.31-a0-831-g143b1e81fc (webtiles) character file.

Game seed: 11302988218108920107

39 Dirtsage the Chopper (level 3, -2/29 HPs)
             Began as a Demonspawn Fighter on Sept 24, 2023.
             Slain by Sigmund
             ... wielding a +0 scythe
              (10 damage)
             ... on level 2 of the Dungeon.
             The game lasted 00:01:01 (700 turns).

Dirtsage the Chopper (Demonspawn Fighter)            Turns: 700, Time: 00:01:02

Health: -2/29      AC:  8    Str: 18    XL:     3   Next: 28%
Magic:  3/3        EV:  9    Int:  9    God:
Gold:   15         SH:  4    Dex: 12    Spells: 2/2 levels left

rFire   . . .        a - +0 war axe
rCold   . . .        c - +0 buckler
rNeg    . . .        b - +0 scale mail
rPois   .            (no helmet)
rElec   .            (no cloak)
rCorr   +            (no gloves)
SInv    .            (no boots)
Will    .....        (no amulet) Stlth
                     C - ring of resist corrosion
HPRegen 0.24/turn    (no ring)
MPRegen 0.08/turn

%: no passive effects
@: mighty
A: yellow scales 1
a: no special abilities


You were on level 2 of the Dungeon.
You visited 1 branch of the dungeon, and saw 2 of its levels.

You collected 15 gold pieces.

Inventory:

Hand Weapons
 a - a +0 war axe (weapon)
Armour
 b - a +0 scale mail (worn)
 c - a +0 buckler (worn)
Jewellery
 C - a ring of resist corrosion (left hand)
Scrolls
 e - 2 scrolls of enchant armour {unknown}
 g - a scroll of identify {unknown}
 h - a scroll of vulnerability {unknown}
Potions
 f - a potion of invisibility {unknown}
 i - 2 potions of curing {unknown}


   Skills:
 - Level 3.0 Fighting
 + Level 3.4 Axes
 - Level 2.6 Armour
 - Level 2.6 Shields


You had 2 spell levels left.
You didn't know any spells.
Your spell library contained the following spells:

 Spells                   Type           Power      Damage    Failure   Level
 Necrotise                Necr           0%         1d4       86%         1
 Vampiric Draining        Necr           0%         2d6       99%         3
 Agony                    Necr           0%         N/A       100%        5


Dungeon Overview and Level Annotations

Branches:
Dungeon (2/15)

Altars:

Annotations:
D:2 Sigmund


Innate Abilities, Weirdness & Mutations

You are partially covered in yellow scales. (AC +2)


Message History

You take 3 damage, and have 25/29 hp.
You slash the endoplasm!
You kill the endoplasm!
You hit the rat.
You kill the rat!
No target in view!
No target in view!
HP restored.
Sigmund the Dreaded comes into view.
He is wielding a +0 scythe.
Sigmund shouts!
You hear an angry hiss.
A ball python comes into view.
A bat comes into view.
Health restored: 29 You feel very mighty all of a sudden.
A bat comes into view.
The bat closely misses you.
The bat moves out of view.
You closely miss the bat. The bat hits you but does no damage.
Sigmund casts a spell.
Sigmund flickers and vanishes!
Deactivating autopickup; reactivate with Ctrl-A.
The bat hits you but does no damage.
You slice the bat!!
You kill the bat!
Something hits you!
The ball python bites you but does no damage.
The ball python grabs you. The ball python constricts you.
You take 10 damage, and have 19/29 hp.
MASSIVE DAMAGE!!
You slash the ball python!
You kill the ball python!
The bat completely misses you. Something hits you.
You take 6 damage, and have 13/29 hp.
MASSIVE DAMAGE!!
Found a stone staircase leading down.
The bat attacks as it pursues you! The bat closely misses you.
The bat hits you but does no damage. Something hits you.
* * * LOW HITPOINT WARNING * * *
You see here a ball python corpse.
You take 5 damage, and have 8/29 hp.
You slash something! You slash the bat!
You kill the bat!
Something hits you!
You die...

#........# #
........# .##
........# ...
.......>#
###.###.......#
#.....#.......#
#.#{.......
#.#@##.....
#..###.#........
#...............
#.####.#.###....
.....# #.#
###.#.. # #.....
#####.. .>.


There were no monsters in sight!

Vanquished Creatures
  A dart slug (D:1)
  4 endoplasms
  A giant cockroach (D:1)
  5 goblins (D:1)
  2 hobgoblins (D:1)
  4 jackals (D:1)
  2 quokkas (D:1)
  3 ball pythons
  4 bats
  A frilled lizard (D:1)
  5 kobolds (D:1)
  3 rats
35 creatures vanquished.

Notes
Turn   | Place    | Note
-------+----------+-------------------------------------------
     0 | D:1      | Dirtsage the Demonspawn Fighter began the quest for the
                  | Orb.
     0 | D:1      | Reached XP level 1. HP: 18/18 MP: 1/1
    87 | D:1      | Gained mutation: You are partially covered in yellow
                  | scales. (AC +2) [demonic ancestry]
    87 | D:1      | Reached XP level 2. HP: 8/24 MP: 2/2
   526 | D:1      | Reached XP level 3. HP: 29/29 MP: 3/3
   693 | D:2      | Noticed Sigmund
   700 | D:2      | Slain by Sigmund

Illustrated notes

Levels and vault maps discovered:
D:1:      evilmike_arrival_rings, layout_basic, minmay_tetromino_s2
D:2:      layout_loops_cross, uniq_jessica, uniq_robin, uniq_sigmund

Skill      XL: |  1  2 |
---------------+-------+-----
Axes           | 2 3 |  3.4
Fighting       | |  3.0
Armour         | |  2.6
Shields        | |  2.6

Action                     || total
---------------------------++-------
  Melee: War axe           ||    73
    Use: Potion            ||     1
 Armour: Scale mail        ||    60
  Dodge: Dodged            ||    52
  Block: Buckler           ||    14

Table legend: (Time is in decaauts)
 A = Elapsed time spent in this place.
 B = Non-inter-level travel time spent in this place.
 C = Inter-level travel time spent in this place.
 D = Time resting spent in this place.
 E = Time spent auto-exploring this place.
 F = Levels seen in this place.
 G = Mean time per level.
                   A        B        C        D        E       F      G
               +--------+--------+--------+--------+--------+-----+--------+
         Total |    728 |    708 |     20 |      0 |    534 |   2 |  364.0 |
       Dungeon |    728 |    708 |     20 |      0 |    534 |   2 |  364.0 |
               +--------+--------+--------+--------+--------+-----+--------+

Top non-repeatable levels by time:
     D:1: 698 daAuts
     D:2: 30 daAuts
